 Dungeon Crawl Stone Soup version 0.28.0-1-gb440e238dd (webtiles) character file.

Game seed: 9604093636228272580

463 pkoi the Conjurer (level 6, 0/45 HPs)
             Began as a Draconian Conjurer on Feb 25, 2022.
             Was an Initiate of Sif Muna.
             Slain by Prince Ribbit (16 damage)
             ... on level 5 of the Dungeon.
             The game lasted 00:06:04 (5326 turns).

pkoi the Conjurer (Draconian Conjurer)              Turns: 5326, Time: 00:06:05

Health: 0/45       AC:  7    Str: 10    XL:     6   Next: 79%
Magic:  1/10       EV: 12    Int: 20    God:    Sif Muna [......]
Gold:   174        SH:  0    Dex:  9    Spells: 4/11 levels left

rFire   . . .      SeeInvis +   c - +1 mace (holy)
rCold   . . .      Faith    .   (no shield)
rNeg    . . .      Spirit   .   (armour unavailable)
rPois   .          Reflect  .   (helmet restricted)
rElec   .          Harm     .   l - +0 cloak
rCorr   .          Rampage  .   (no gloves)
Will    .....                   (no boots)
Stlth   ++........              (no amulet)
HPRegen 0.15/turn               k - ring of see invisible
MPRegen 0.12/turn               (no ring)

@: no status effects
A: AC +6, unfitting armour, cold-blooded
a: Renounce Religion


You were on level 5 of the Dungeon.
You worshipped Sif Muna.
Sif Muna was noncommittal.
You visited 2 branches of the dungeon, and saw 6 of its levels.

You collected 174 gold pieces.

Inventory:

Hand Weapons
 a - a +0 spear
 c - a +1 mace of holy wrath (weapon)
Armour
 l - a +0 cloak (worn)
Jewellery
 k - a ring of see invisible (left hand)
Scrolls
 b - 2 scrolls of identify
 h - a scroll of teleportation
Potions
 d - a potion of heal wounds
 e - a potion of curing
 f - a potion of haste
 g - 2 potions of might
 i - a potion of flight


   Skills:
 - Level 1.7 Dodging
 - Level 1.7 Stealth
 + Level 3.1 Spellcasting
 * Level 7.1 Conjurations
 + Level 2.4 Translocations
 + Level 0.7 Invocations


You had 4 spell levels left.
You knew the following spells:

 Your Spells              Type           Power      Damage    Failure   Level
a - Magic Dart            Conj           100%       1d8       1%          1
b - Searing Ray           Conj           62%        2d6       1%          2
c - Iskenderun's Mystic   Conj/Tloc      22%        2d6       19%         4

Your spell library contained the following spells:

 Spells                   Type           Power      Damage    Failure   Level
 Shock                    Conj/Air       68%        1d7       3%          1
 Dazzling Flash           Conj/Hex       34%        N/A       10%         3
 Stone Arrow              Conj/Erth      34%        3d9       10%         3
 Fulminant Prism          Conj/Hex       8%         3d7       32%         4
 Swiftness                Air            3%         N/A       38%         3
 Passage of Golubria      Tloc           12%        N/A       45%         4
 Airstrike                Air            1%         N/A       80%         4
 Silence                  Hex/Air        1%         N/A       98%         5
 Lehudib's Crystal Spear  Conj/Erth      8%         10d4      100%        8
 Animate Armour           Summ/Erth      Unusable   N/A       N/A         4

Dungeon Overview and Level Annotations

Branches:
Dungeon (5/15)             Temple (1/1) D:5

Altars:
Elyvilon
Hepliaklqana
Makhleb
Okawaru
Ru
Sif Muna
Trog
Uskayaw
Vehumet
Wu Jian
Xom

Annotations:
D:5 Prince Ribbit


Innate Abilities, Weirdness & Mutations

Your plain brown scales are hard. (AC +6)
You cannot fit into any form of body armour.
You are cold-blooded and may be slowed by cold attacks.


Message History

Found an iron altar of Okawaru.
You now have 174 gold pieces (gained 4).
There is a stone staircase leading down here.
There is a stone staircase leading down here.
There is a stone staircase leading down here.
The magic dart hits Prince Ribbit.
Prince Ribbit is lightly wounded.
Casting: Magic Dart (safe; 1% risk of failure)
Confirm with . or Enter, or press ? or * to list all spells.
Aiming: Searing Ray (safe; 1% risk of failure)
Press: ? - help, Shift-Dir - straight line, f/p - Prince Ribbit
Aim: Prince Ribbit (lightly wounded, 63% to hit)
The searing ray hits Prince Ribbit!
Prince Ribbit is moderately wounded. (Press . to maintain the ray.) Unknown command.
The searing ray misses Prince Ribbit.
Prince Ribbit hits you!
* * * LOW HITPOINT WARNING * * *
The searing ray hits Prince Ribbit.
Prince Ribbit is moderately wounded.
Prince Ribbit hits you!
* * * LOW HITPOINT WARNING * * *
The searing ray hits Prince Ribbit!
Prince Ribbit is heavily wounded.
You finish channelling your searing ray.
Prince Ribbit misses you.
Prince Ribbit blinks!
Casting: Searing Ray (safe; 1% risk of failure)
Confirm with . or Enter, or press ? or * to list all spells.
Aiming: Searing Ray (safe; 1% risk of failure)
Press: ? - help, Shift-Dir - straight line, f/p - Prince Ribbit
Aim: Prince Ribbit (heavily wounded, 63% to hit)
The searing ray misses Prince Ribbit. (Press . to maintain the ray.) Unknown command.
The searing ray hits Prince Ribbit.
Prince Ribbit is severely wounded.
Prince Ribbit hits you.
* * * LOW HITPOINT WARNING * * *
The searing ray misses Prince Ribbit.
Prince Ribbit hits you!
You die...

...#......# #.##........##
#.#...##.# #......#......
###......#.# ###########.##
#........#.########## #.## #
#.#.o..o.#.##.......### ##.##
#.##.#.#.........##......#
#...#
#......#########.##.##.#.#
#...# ####.### #.......#.#
#...# ##...##### #@##.#..#.##
#...# #.....#.... #F##.......#
#>..# ##...##.....
#.##.#..##.###...#
##.###......##.##.#.<..........
#.# #..l......##.#............
#.# #......####...............
###)###..F.. #........##.....
##.......... ###.##.#.####.###.
#....###.#######..)####.######
#.


You could see Prince Ribbit.

Vanquished Creatures
  An ice beast (D:5)
  A water moccasin skeleton (D:5)
  A hound (D:5)
  2 jellies
  An iguana (D:3)
  3 orc wizards (D:3)
  4 adders
  A white imp (D:5)
  2 ufetubi (D:5)
  2 worms
  2 dart slugs
  5 orcs
  5 bats
  9 endoplasms
  2 giant cockroaches
  3 hobgoblins
  5 quokkas
  3 ball pythons
  2 frilled lizards (D:2)
  6 goblins
  4 kobolds
  12 rats
76 creatures vanquished.

Notes
Turn   | Place    | Note
-------+----------+-------------------------------------------
     0 | D:1      | pkoi the Draconian Conjurer began the quest for the Orb.
     0 | D:1      | Reached XP level 1. HP: 14/14 MP: 3/3
   181 | D:1      | Reached XP level 2. HP: 20/20 MP: 0/5
  1069 | D:1      | Reached skill level 5 in Conjurations
  1327 | D:2      | Reached XP level 3. HP: 26/26 MP: 3/6
  1508 | D:2      | Found a faded altar of an unknown god.
  1824 | D:2      | Reached XP level 4. HP: 32/33 MP: 2/7
  2099 | D:3      | Found a hide-covered altar of Uskayaw.
  2422 | D:2      | Learned a level 2 spell: Searing Ray
  2427 | D:2      | Learned a level 4 spell: Iskenderun's Mystic Blast
  2559 | D:3      | Reached skill level 6 in Conjurations
  3012 | D:3      | Reached XP level 5. HP: 32/38 MP: 3/8
  3013 | D:3      | Reached skill level 1 in Translocations
  3189 | D:3      | Found a shimmering altar of Xom.
  3292 | D:3      | Found a shimmering altar of Xom.
  3294 | D:3      | Found a shimmering altar of Xom.
  3296 | D:3      | Found a shimmering altar of Xom.
  3298 | D:3      | Found a shimmering altar of Xom.
  3304 | D:3      | Found a shimmering altar of Xom.
  3304 | D:3      | Found a shimmering altar of Xom.
  3900 | D:5      | Entered Level 5 of the Dungeon
  3905 | D:5      | Noticed Prince Ribbit
  4243 | D:5      | Noticed an ice beast
  4354 | D:5      | Killed an ice beast
  4355 | D:5      | Reached XP level 6. HP: 45/45 MP: 0/10
  4594 | D:5      | Reached skill level 7 in Conjurations
  4681 | D:5      | Found a staircase to the Ecumenical Temple.
  4693 | Temple   | Entered the Ecumenical Temple
  4711 | Temple   | Became a worshipper of Sif Muna the Loreminder
  4884 | D:5      | Found a white marble altar of Elyvilon.
  5246 | D:5      | Found an iron altar of Okawaru.
  5326 | D:5      | Slain by Prince Ribbit

Illustrated notes

Levels and vault maps discovered:
D:1:      psy_arrival_radial01, layout_loops_ring, chequers_serial_rivers_room_a
D:2:      layout_rooms, ebering_ecumenical_altar_box, nrook_mini_backslash
D:3:      layout_basic, nicolae_xom_altar_mimics, overflow_temple_1_default
D:4:      layout_basic, lemuel_crystal_altar, minmay_fractal_squares_gapless_5
D:5:      layout_loops_cross, lemuel_coloured_pillars_altar, elyvilon_altar_4,
          minmay_temple_entry_stoned_glass, gup_sewer_entry_bubbles,
          uniq_prince_ribbit1, uniq_sigmund
Temple:   compressed_dpeg_triangle_lava_temple

Skill      XL: |  1  2  3  4  5  6 |
---------------+-------------------+-----
Conjurations   | 5 6 7 |  7.1
Translocations | 2 |  2.4
Spellcasting   | 3 |  3.1
Dodging        | |  1.7
Stealth        | |  1.7
Invocations    | |  0.7

Action                   |  1- 3 |  4- 6 || total
-------------------------+-------+-------++-------
Melee: Spear             |    14 |    18 ||    32
       Tailslap          |     1 |     2 ||     3
       Punch             |     1 |       ||     1
       Mace              |       |    13 ||    13
 Cast: Magic Dart        |    63 |    72 ||   135
       Searing Ray       |       |     8 ||     8
  Use: Potion            |       |     3 ||     3
       Scroll            |       |     7 ||     7
Armor: Skin              |     1 |    29 ||    30
Dodge: Dodged            |    13 |    35 ||    48
